 Dungeon Crawl Stone Soup version 0.27.1 (webtiles) character file.

Game seed: 10794973018437110897

1880 Destapler the Fighter (level 9, 0/81 HPs)
             Began as a Gnoll Wanderer on Aug 27, 2021.
             Was a Priest of Vehumet.
             Slain by a seven-headed hydra (10 damage)
             ... on level 6 of the Dungeon.
             The game lasted 00:27:28 (7843 turns).

Destapler the Fighter (Gnoll Wanderer)              Turns: 7843, Time: 00:27:29

Health: 0/81       AC:  8    Str: 12    XL:     9   Next: 14%
Magic:  14/14      EV: 13    Int: 15    God:    Vehumet [***...]
Gold:   137        SH:  0    Dex: 11    Spells: 9/15 levels left

rFire    . . .     SeeInvis .   b - staff of poison
rCold    . . .     Faith    .   (no shield)
rNeg     . . .     Spirit   .   s - +2 robe {Archmagi}
rPois    +         Reflect  .   o - +0 helmet
rElec    .         Harm     .   (no cloak)
rCorr    .         Rampage  .   u - +0 pair of gloves
Will     .....     Archmagi +   r - +0 pair of boots
Stlth    ++........             v - amulet of magic regeneration
HPRegen  0.23/turn              (no ring)
MPRegen  0.39/turn              (no ring)

@: no status effects
A: fangs 1, strong nose, distributed training, screaming 1
a: Renounce Religion


You were on level 6 of the Dungeon.
You worshipped Vehumet.
Vehumet was most pleased with you.
You visited 1 branch of the dungeon, and saw 6 of its levels.

You collected 191 gold pieces.
You spent 54 gold pieces at shops.

Inventory:

Hand Weapons
 a - a +2 quarterstaff
Missiles
 q - 14 poisoned darts
Armour
 o - a +0 helmet (worn)
 r - a +0 pair of boots (worn)
 s - a +2 robe of the Archmagi (worn)
 u - a +0 pair of gloves (worn)
Magical Staves
 b - a staff of poison (weapon)
Jewellery
 v - an amulet of magic regeneration (around neck)
Wands
 y - a wand of mindburst (8)
Scrolls
 c - a scroll of magic mapping
 e - a scroll of noise {unknown}
 f - a scroll of vulnerability {unknown}
 g - a scroll of fog {unknown}
 h - a scroll of fear {unknown}
 l - a scroll of silence {unknown}
 m - a scroll of teleportation {unknown}
 n - a scroll of holy word {unknown}
 p - a scroll of immolation {unknown}
 x - 4 scrolls of identify {unknown}
Potions
 i - a potion of heal wounds
 j - 2 potions of flight {unknown}
 k - a potion of brilliance {unknown}
 t - 3 potions of curing {unknown}
 w - a potion of haste {unknown}


   Skills:
 + Level 11.0 Fighting
 + Level 3.9 Short Blades
 + Level 3.9 Long Blades
 + Level 3.9 Axes
 + Level 3.9 Maces & Flails
 + Level 3.9 Polearms
 + Level 6.1 Staves
 + Level 3.9 Slings
 + Level 3.9 Bows
 + Level 3.9 Crossbows
 + Level 3.9 Throwing
 + Level 4.8 Armour
 + Level 3.9 Dodging
 + Level 3.9 Stealth
 + Level 4.8 Shields
 + Level 3.9 Unarmed Combat
 + Level 3.9 Spellcasting
 + Level 3.2 Conjurations
 + Level 3.2 Hexes
 + Level 3.2 Summonings
 + Level 3.2 Necromancy
 + Level 3.2 Translocations
 + Level 3.2 Transmutations
 + Level 3.2 Fire Magic
 + Level 3.2 Ice Magic
 + Level 3.2 Air Magic
 + Level 3.2 Earth Magic
 + Level 3.2 Poison Magic
 + Level 4.3 Invocations
 + Level 4.8 Evocations


You had 9 spell levels left.
You knew the following spells:

 Your Spells              Type           Power      Damage    Failure   Level
a - Magic Dart            Conj           76%        1d6       1%          1
b - Poisonous Vapours     Pois/Air       56%        N/A       1%          2
c - Stone Arrow           Conj/Erth      38%        3d9       4%          3

Your spell library contained the following spells:

 Spells                   Type           Power      Damage    Failure   Level
 Frozen Ramparts          Ice            38%        1d5       4%          3
 Mephitic Cloud           Conj/Pois/Air  28%        N/A       4%          3
 Call Imp                 Summ           19%        N/A       7%          2


Dungeon Overview and Level Annotations

Branches:
Dungeon (6/15)             Temple (0/1) D:5

Altars:
Ashenzari
Cheibriados
Fedhas
Hepliaklqana
Kikubaaqudgha
Vehumet
Xom
Zin
The Shining One

Shops:
D:2 [((

Annotations:
D:5 2 transporters, kocsisss's ghost, novice MiBe


Innate Abilities, Weirdness & Mutations

You have very sharp teeth.
Your uncanny sense of smell can sniff out nearby items.
Your experience applies equally to all skills.
You occasionally shout uncontrollably at your foes.


Message History

You climb upwards.
Level annotation: 2 transporters, kocsisss's ghost, novice MiBe
There is a stone staircase leading down here.
Aiming: Poisonous Vapours (safe; 2% risk of failure)
Press: ? - help, Q - select action, (/) - cycle Dir - move target, f - orc warrior
Aim: an orc warrior, wielding a +0 hand axe and wearing a +0 plate armour (almost dead, poisoned)
You feel a strong surge of power!
Poisonous vapours surround the orc warrior!
The orc warrior looks even sicker.
You kill the orc warrior!
Vehumet accepts your kill.
Things that are here:
a +0 hand axe; a +0 plate armour
There is a stone staircase leading down here.
You start resting.
Magic restored.
You start resting.
HP restored.
You climb downwards.
The seven-headed hydra closely misses you.
The seven-headed hydra misses you. The seven-headed hydra bites you!
The seven-headed hydra closely misses you.
The seven-headed hydra bites you!
The seven-headed hydra closely misses you.
The seven-headed hydra bites you! The iguana closely misses you.
The seven-headed hydra bites you! x2
The seven-headed hydra barely misses you.
The seven-headed hydra bites you!
* * * LOW HITPOINT WARNING * * *
The seven-headed hydra bites you.
* * * LOW HITPOINT WARNING * * *
The seven-headed hydra bites you!
* * * LOW HITPOINT WARNING * * *
The seven-headed hydra closely misses you.
There is a stone staircase leading up, spattered with blood here.
The iguana bites you but does no damage.
The seven-headed hydra bites you.
* * * LOW HITPOINT WARNING * * *
The seven-headed hydra bites you!
You die...

***,*,,##.....<...).D.........
*,,,,,,##.............##...#..
***,,.∆#......................
**,,,..###....#.Y.....##.,##..
*,,,*..(......#.......#**.,#..
**,,,..........>#....## *,,,*#
*,,*.......[.......##***#....
**,***#.....[l.....#*,*,##...
*** ###.##@D.....#,,,...S..
#,*####......*,.Z....
****,,,....(.**......
**,,***##...,,....o,
*,,**,,,##..,,#....,
*,,*,*,*,#..,,,,,,,,
*,,,,*∆*,,..,,,**,,,
**,,*,*,*,*,,***,,,,,
*,,,**,,,**,,*,,,,,,,


You could see a seven-headed hydra, an ice beast (wandering) and an iguana.

Vanquished Creatures
  Sigmund (D:4)
  A water moccasin (D:5)
  An orc warrior (D:5)
  Duvessa (D:4)
  2 sky beasts (D:5)
  3 ogres
  5 scorpions
  Dowan (D:4)
  A centaur zombie (D:5)
  3 hounds (D:5)
  A centaur skeleton (D:5)
  2 iguanas
  Terence (D:3)
  3 orc wizards
  A scorpion zombie (D:5)
  A killer bee zombie (D:5)
  A hound skeleton (D:4)
  Robin (D:2)
  3 gnolls (D:4)
  11 adders
  A white imp (D:5)
  An ufetubus (D:5)
  An adder skeleton (D:4)
  2 worms (D:4)
  3 dart slugs
  11 orcs
  6 ball pythons
  5 bats
  6 endoplasms
  2 giant cockroaches
  14 goblins
  14 hobgoblins
  2 jackals (D:2)
  3 quokkas
  3 frilled lizards
  8 kobolds
  4 rats
130 creatures vanquished.

Vanquished Creatures (others)
  An orc wizard (D:6)
  An orc (D:6)
2 creatures vanquished.

Grand Total: 132 creatures vanquished

Notes
Turn   | Place    | Note
-------+----------+-------------------------------------------
     0 | D:1      | Reached skill level 10 in Fighting
     0 | D:1      | Destapler the Gnoll Wanderer began the quest for the Orb.
     0 | D:1      | Destapler set off with the following items: a +2
                  | quarterstaff, a +0 falchion, a potion of lignification, a
                  | +0 robe
     0 | D:1      | Reached XP level 1. HP: 28/28 MP: 1/1
   208 | D:1      | Reached XP level 2. HP: 33/36 MP: 2/2
   633 | D:1      | Found a faded altar of an unknown god.
   636 | D:1      | Became a worshipper of Vehumet
   636 | D:1      | Reached * piety under Vehumet
   636 | D:1      | Offered knowledge of Magic Dart by Vehumet.
   639 | D:1      | Learned a level 1 spell: Magic Dart
   660 | D:1      | Reached XP level 3. HP: 42/42 MP: 1/3
  1091 | D:2      | Reached skill level 1 in Invocations
  1356 | D:2      | Found Sixahan's Armour Shoppe.
  1450 | D:2      | Reached skill level 1 in Short Blades
  1450 | D:2      | Reached skill level 1 in Long Blades
  1450 | D:2      | Reached skill level 1 in Axes
  1450 | D:2      | Reached skill level 1 in Maces & Flails
  1450 | D:2      | Reached skill level 1 in Polearms
  1450 | D:2      | Reached skill level 1 in Slings
  1450 | D:2      | Reached skill level 1 in Bows
  1450 | D:2      | Reached skill level 1 in Crossbows
  1450 | D:2      | Reached skill level 1 in Throwing
  1450 | D:2      | Reached skill level 1 in Dodging
  1450 | D:2      | Reached skill level 1 in Stealth
  1450 | D:2      | Reached skill level 1 in Unarmed Combat
  1450 | D:2      | Reached skill level 1 in Spellcasting
  1547 | D:2      | Reached XP level 4. HP: 44/48 MP: 1/5
  1603 | D:2      | Found Laleotz's Weapon Boutique.
  1729 | D:2      | Found Erghecupa's Weapon Emporium.
  2046 | D:2      | Offered knowledge of Poisonous Vapours by Vehumet.
  2050 | D:2      | Reached ** piety under Vehumet
  2056 | D:2      | Learned a level 2 spell: Poisonous Vapours
  2287 | D:2      | Noticed Robin
  2349 | D:2      | Killed Robin
  2350 | D:2      | Reached skill level 1 in Conjurations
  2350 | D:2      | Reached skill level 1 in Hexes
  2350 | D:2      | Reached skill level 1 in Summonings
  2350 | D:2      | Reached skill level 1 in Necromancy
  2350 | D:2      | Reached skill level 1 in Translocations
  2350 | D:2      | Reached skill level 1 in Transmutations
  2350 | D:2      | Reached skill level 1 in Fire Magic
  2350 | D:2      | Reached skill level 1 in Ice Magic
  2350 | D:2      | Reached skill level 1 in Air Magic
  2350 | D:2      | Reached skill level 1 in Earth Magic
  2350 | D:2      | Reached skill level 1 in Poison Magic
  2657 | D:3      | Reached XP level 5. HP: 52/54 MP: 3/6
  3117 | D:3      | Noticed Terence
  3124 | D:3      | Killed Terence
  3739 | D:2      | Bought a +0 pair of gloves for 54 gold pieces
  3794 | D:4      | Noticed Duvessa
  3795 | D:4      | Noticed Dowan
  3834 | D:4      | Noticed Sigmund
  3948 | D:4      | Found a blossoming altar of Fedhas.
  3948 | D:4      | Found an ancient bone altar of Kikubaaqudgha.
  3951 | D:4      | Found a broken altar of Ashenzari.
  3951 | D:4      | Found a glowing golden altar of the Shining One.
  3969 | D:4      | Noticed an ogre
  3979 | D:4      | Killed an ogre
  3980 | D:4      | Reached skill level 5 in Staves
  3980 | D:4      | Reached XP level 6. HP: 30/61 MP: 8/8
  4307 | D:4      | Killed Sigmund
  4308 | D:4      | Reached XP level 7. HP: 58/67 MP: 1/10
  4408 | D:4      | Offered knowledge of Stone Arrow by Vehumet.
  4559 | D:4      | Gained mutation: You occasionally shout uncontrollably at
                  | your foes. [potion of mutation]
  4562 | D:4      | Killed Duvessa
  4576 | D:4      | Killed Dowan
  5120 | D:4      | Reached *** piety under Vehumet
  5160 | D:4      | Found a glowing silver altar of Zin.
  5160 | D:4      | Found a snail-covered altar of Cheibriados.
  5653 | D:4      | Found a shimmering altar of Xom.
  5748 | D:5      | Entered Level 5 of the Dungeon
  5756 | D:5      | Reached XP level 8. HP: 74/74 MP: 3/12
  5817 | D:5      | Found a hazy altar of Hepliaklqana.
  6345 | D:5      | Learned a level 3 spell: Stone Arrow
  6373 | D:5      | Found a transporter.
  6373 | D:5      | Found a transporter.
  6373 | D:5      | Noticed kocsisss's ghost (novice MiBe)
  6373 | D:5      | Noticed a hornet
  6459 | D:5      | Offered knowledge of Frozen Ramparts by Vehumet.
  6635 | D:5      | Found a staircase to the Ecumenical Temple.
  7143 | D:5      | Reached skill level 11 in Fighting
  7411 | D:6      | Reached XP level 9. HP: 81/81 MP: 6/14
  7717 | D:6      | Noticed a two-headed ogre
  7718 | D:6      | Noticed a seven-headed hydra
  7843 | D:6      | Slain by a seven-headed hydra

Illustrated notes

Levels and vault maps discovered:
D:1:      lemuel_arrival_hallway, layout_loops_ring,
          hellmonk_ecumenical_altar_inner_sanctum
D:2:      wad_crossroads, layout_basic, serial_shops, shop_statue, shop,
          nicolae_shop_stone, hangedman_feature_mirror, uniq_robin
D:3:      kennysheep_six_static_rooms, layout_loops_ring,
          minmay_misc_feat_pillars, chequers_serial_rivers_marsh, uniq_terence
D:4:      layout_loops_ring, tgw_xom, amethyst_overflow_temple_binary,
          mainiacjoe_overflow_alcove_3, uniq_duvessa, uniq_sigmund
D:5:      layout_basic, nicolae_overflow_crystal_walls,
          minmay_temple_entry_statues_pillars, gammafunk_ghost_hive, st_stairs_8
D:6:      hangedman_cross_stitches, layout_cave_pools, serial_park_tiny_2,
          minmay_checkerbox

Skill      XL: |  1  2  3  4  5  6  7  8 |
---------------+-------------------------+-----
Fighting       | 11 | 11.0
Invocations    | 1 2 3 4 |  4.3
Short Blades   | 1 2 3 |  3.9
Long Blades    | 1 2 3 |  3.9
Axes           | 1 2 3 |  3.9
Maces & Flails | 1 2 3 |  3.9
Polearms       | 1 2 3 |  3.9
Slings         | 1 2 3 |  3.9
Bows           | 1 2 3 |  3.9
Crossbows      | 1 2 3 |  3.9
Throwing       | 1 2 3 |  3.9
Dodging        | 1 2 3 |  3.9
Stealth        | 1 2 3 |  3.9
Unarmed Combat | 1 2 3 |  3.9
Spellcasting   | 1 2 3 |  3.9
Conjurations   | 1 2 3 |  3.2
Hexes          | 1 2 3 |  3.2
Summonings     | 1 2 3 |  3.2
Necromancy     | 1 2 3 |  3.2
Translocations | 1 2 3 |  3.2
Transmutations | 1 2 3 |  3.2
Fire Magic     | 1 2 3 |  3.2
Ice Magic      | 1 2 3 |  3.2
Air Magic      | 1 2 3 |  3.2
Earth Magic    | 1 2 3 |  3.2
Poison Magic   | 1 2 3 |  3.2
Armour         | 3 4 |  4.8
Shields        | 3 4 |  4.8
Evocations     | 3 4 |  4.8
Staves         | 5 6 |  6.1

Action                   |  1- 3 |  4- 6 |  7- 9 || total
-------------------------+-------+-------+-------++-------
Melee: Quarterstaff      |    62 |    77 |    58 ||   197
       Bite              |     3 |     2 |    17 ||    22
       Staff             |       |       |   113 ||   113
       Punch             |       |       |     4 ||     4
Throw: Dart              |       |     1 |     2 ||     3
 Cast: Magic Dart        |    33 |    34 |    54 ||   121
       Poisonous Vapours |       |    16 |    71 ||    87
       Stone Arrow       |       |       |    17 ||    17
Evoke: Wand              |       |       |     1 ||     1
  Use: Potion            |       |     2 |     3 ||     5
       Scroll            |       |       |     2 ||     2
 Stab: Sleeping          |     1 |     4 |     1 ||     6
Armor: Robe              |    10 |    14 |    67 ||    91
       Skin              |       |     1 |       ||     1
Dodge: Dodged            |    28 |    36 |   110 ||   174
